 Dungeon Crawl Stone Soup version 0.31-a0-435-g2c6fae2916 (webtiles) character file.

Game seed: 5759890226434936180

622768 LustLizard the Wrestler (level 27, -6/232 HPs)
             Began as an Octopode Shapeshifter on Aug 2, 2023.
             Was the Champion of Hepliaklqana.
             Killed from afar by an orb of fire (19 damage)
             ... with a bolt of fire
             ... on level 5 of the Realm of Zot.
             The game lasted 02:59:32 (63981 turns).

LustLizard the Wrestler (Octopode Shapeshifter)    Turns: 63981, Time: 02:59:33

Health: -6/232     AC: 36    Str: 17    XL:     27
Magic:  35/35      EV: 17    Int: 20    God:    Hepliaklqana [******]
Gold:   3020       SH:  0    Dex: 10    Spells: 29/51 levels left

rFire   + .          .
                       - Unarmed
rCold   + + +        S - +5 kite shield {reflect}
rNeg    + + +        y - -2 hat of the Alchemist {rElec rPois rF+ rC+ rN+ Will+ rMut rCorr}
rPois   ∞            x - amulet "Caximou" {Reflect rC+ rN++ Str+2 Dex-2 SH+5}
rElec   +            h - +5 ring of evasion
rCorr   +            L - +4 ring of protection
SInv    .            W - ring of flight
Will    ++++.        E - ring of willpower
Stlth   ++++++++     N - +4 ring of slaying
HPRegen 0.58/turn    U - ring of protection from cold
MPRegen 0.24/turn    Y - +5 ring of evasion
                     Z - +4 ring of protection

%: reflection, resist mutation
@: about to teleport, statue-form, flying, held, very slow
A: slow and powerful, torment resistance 1, boosted hp, reduced essence, almost
no armour, amphibious, 8 rings, camouflage 1, (gelatinous body 1), (nimble
swimmer 1), tentacles, clumsy 1, low MP 1, screaming 1, weak 1, noise
suppression
}: 3/15 runes: barnacled, silver, gossamer
a: Begin Untransformation, Renounce Religion, Recall Ancestor, Ancestor
Identity, Transference, Idealise


You were on level 5 of the Realm of Zot.
You worshipped Hepliaklqana.
Hepliaklqana was exalted by your worship.
You were a living statue of rough stone.
You visited 11 branches of the dungeon, and saw 51 of its levels.
You also visited: Sewer, Ice Cave and Desolation.

You collected 8371 gold pieces.
You spent 5351 gold pieces at shops.

Inventory:

Missiles
 I - 6 throwing nets
Armour
 y - the -2 hat of the Alchemist (worn) {rElec rPois rF+ rC+ rN+ Will+ rMut rCorr}
   (You bought it in a shop on level 2 of the Elven Halls)

   rF:        It protects you from fire.
   rC:        It protects you from cold.
   rElec:     It insulates you from electricity.
   rPois:     It protects you from poison.
   rN:        It protects you from negative energy.
   rCorr:     It protects you from acid and corrosion.
   rMut:      It protects you from mutation.
   Will:      It increases your willpower.
 S - a +5 kite shield of reflection (worn)
Jewellery
 b - a ring of willpower
 c - the ring of Xom's Attic {rElec rF- AC+4 Str+4 Stlth+}
   (You found it in the Desolation of Salt)

   [ring of protection]

   AC:        It affects your AC (+4).
   Str:       It affects your strength (+4).
   rF:        It makes you vulnerable to fire.
   rElec:     It insulates you from electricity.
   Stlth:     It makes you more stealthy.
 h - a +5 ring of evasion (left tentacle)
 r - a ring of protection from fire
 x - the amulet "Caximou" (around mantle) {Reflect rC+ rN++ Str+2 Dex-2 SH+5}
   (You bought it in a shop on level 4 of the Depths)

   [amulet of reflection]

   It reflects blocked missile attacks.
   Str:       It affects your strength (+2).
   Dex:       It affects your dexterity (-2).
   rC:        It protects you from cold.
   rN:        It greatly protects you from negative energy.
   SH:        It affects your SH (+5).
 E - a ring of willpower (on tentacle)
 F - a +6 ring of intelligence
 H - the ring "Voghe" {rElec rPois rN+++ Str+6 Int-5}
   (You found it on level 4 of the Shoals)

   [ring of strength]

   Str:       It affects your strength (+6).
   Int:       It affects your intelligence (-5).
   rElec:     It insulates you from electricity.
   rPois:     It protects you from poison.
   rN:        It renders you almost immune to negative energy.
 L - a +4 ring of protection (right tentacle)
 N - a +4 ring of slaying (on tentacle)
 R - a ring of see invisible
 T - a ring of protection from cold
 U - a ring of protection from cold (on tentacle)
 W - a ring of flight (on tentacle)
 Y - a +5 ring of evasion (on tentacle)
 Z - a +4 ring of protection (on tentacle)
Talismans
 k - a granite talisman (active)
Wands
 p - a wand of digging (9)
 w - a wand of mindburst (41)
 B - a wand of flame (117)
 K - a wand of acid (12)
 O - a wand of polymorph (41)
 P - a wand of iceblast (44)
 V - a wand of paralysis (51)
Scrolls
 e - 7 scrolls of immolation
 l - 5 scrolls of silence
 m - 5 scrolls of enchant armour
 n - 4 scrolls of summoning
 o - 5 scrolls of poison
 q - 5 scrolls of revelation
 s - 5 scrolls of torment
 z - 6 scrolls of fear
 C - 10 scrolls of fog
 Q - 5 scrolls of blinking
 X - 7 scrolls of teleportation
Potions
 d - 7 potions of heal wounds
 f - 4 potions of mutation
 g - 11 potions of haste
 i - 18 potions of curing
 j - 6 potions of magic
 t - 7 potions of invisibility
 v - 12 potions of enlightenment
 A - a potion of berserk rage
 D - 9 potions of brilliance
 G - 4 potions of resistance
 J - 6 potions of might
Miscellaneous
 a - a phial of floods
 u - a phantom mirror
 M - a condenser vane


   Skills:
 + Level 19.5 Fighting
 - Level 10.0 Dodging
 - Level 19.0 Stealth
 - Level 13.4 Shields
 - Level 25.5 Unarmed Combat
 - Level 12.8 Spellcasting
 * Level 16.8 Conjurations
 + Level 9.3 Translocations
 * Level 16.6 Fire Magic
 - Level 9.0 Invocations
 - Level 6.0 Evocations
 - Level 17.2 Shapeshifting


You had 29 spell levels left.
You knew the following spells:

 Your Spells              Type           Power      Damage    Failure   Level
a - Iskenderun's Mystic   Conj/Tloc      60%        2d13      1%          4
b - Fire Storm            Conj/Fire      34%        8d9       100%        9
c - Swiftness             Air            12%        N/A       28%         3
d - Manifold Assault      Tloc           50%        N/A       1%          4
e - Blink                 Tloc           100%       N/A       1%          2

Your spell library contained the following spells:

 Spells                   Type           Power      Damage    Failure   Level
 Foxfire                  Conj/Fire      100%       2x1d9     0%          1
 Magic Dart               Conj           100%       1d8       0%          1
 Scorch                   Fire           100%       2d9       0%          2
 Apportation              Tloc           100%       N/A       1%          1
 Lesser Beckoning         Tloc           100%       N/A       1%          2
 Static Discharge         Conj/Air       92%        2-6/arc   1%          2
 Hailstorm                Conj/Ice       46%        3d11      1%          3
 Inner Flame              Hex/Fire       46%        N/A       1%          3
 Volatile Blastmotes      Fire/Tloc      100%       2d18      1%          3
 Flame Wave               Conj/Fire      68%        2d15      1%          4
 Sticky Flame             Conj/Fire      68%        2d8       1%          4
 Fireball                 Conj/Fire      34%        3d14      1%          5
 Iskenderun's Battlesphe  Conj           69%        2d12      1%          5
 Mephitic Cloud           Conj/Pois/Air  35%        N/A       2%          3
 Fulminant Prism          Conj/Hex       23%        3d12      3%          4
 Orb of Destruction       Conj           34%        9d10      8%          7
 Irradiate                Conj/Tmut      23%        3d19      9%          5
 Slow                     Hex            48%        N/A       10%         1
 Call Imp                 Summ           24%        N/A       14%         2
 Cigotuvi's Dreadful Rot  Necr/Pois/Air  24%        N/A       14%         2
 Ensorcelled Hibernation  Hex/Ice        24%        N/A       14%         2
 Passwall                 Tmut/Erth      10%        N/A       14%         2
 Freezing Cloud           Conj/Ice/Air   17%        6-21      26%         5
 Confusing Touch          Hex            12%        N/A       28%         3
 Frozen Ramparts          Ice            24%        1d4       28%         3
 Vampiric Draining        Necr           12%        2d6       28%         3
 Dispersal                Tloc           25%        N/A       30%         6
 Conjure Ball Lightning   Conj/Air       23%        3x3d6     41%         6
 Leda's Unmaking          Conj/Erth      23%        9d4       41%         6
 Airstrike                Air            6%         2d(1-17)  67%         4
 Anguish                  Hex/Necr       6%         N/A       67%         4
 Animate Dead             Necr           12%        N/A       67%         4
 Cause Fear               Hex            6%         N/A       67%         4
 Dispel Undead            Necr           12%        3d9       67%         4
 Petrify                  Tmut/Erth      12%        N/A       67%         4
 Summon Ice Beast         Ice/Summ       12%        N/A       67%         4
 Summon Lightning Spire   Summ/Air       12%        N/A       67%         4
 Alistair's Intoxication  Tmut/Pois      8%         N/A       95%         5
 Borgnjor's Vile Clutch   Necr/Erth      6%         N/A       95%         5
 Lee's Rapid Deconstruct  Erth           6%         3d6*      95%         5
 Metabolic Englaciation   Hex/Ice        6%         N/A       95%         5
 Summon Mana Viper        Hex/Summ       12%        N/A       95%         5
 Yara's Violent Unravell  Hex/Tmut       6%         3d5       95%         5
 Simulacrum               Ice/Necr       6%         N/A       100%        6
 Summon Cactus Giant      Summ           6%         N/A       100%        6
 Enfeeble                 Hex            6%         N/A       100%        7
 Haunt                    Necr/Summ      6%         N/A       100%        7
 Disjunction              Tloc           25%        N/A       100%        8
 Infestation              Necr           6%         N/A       100%        8
 Chain Lightning          Conj/Air       23%        3d30      100%        9
 Death's Door             Necr           6%         N/A       100%        9
 Shatter                  Erth           6%         3d9*      100%        9
 Sublimation of Blood     Necr           Unusable   N/A       N/A         2
 Animate Armour           Summ/Erth      Unusable   N/A       N/A         4

Dungeon Overview and Level Annotations

Branches:
Dungeon (15/15)            Temple (1/1) D:6            Lair (5/5) D:8
 Shoals (4/4) Lair:3       Spider (4/4) Lair:3        Slime (0/5) Lair:4
    Orc (2/2) D:12            Elf (3/3) Orc:2        Vaults (5/5) D:14
  Crypt (3/3) Vaults:3       Tomb (0/3) Crypt:3      Depths (4/4) D:15
    Zot (5/5) Depths:4      Sewer (visited)           IceCv (visited)
Desolation (visited)

Altars:
Ashenzari
Cheibriados
Dithmenos
Elyvilon
Fedhas
Gozag
Hepliaklqana
Kikubaaqudgha
Makhleb
Nemelex Xobeh
Okawaru
Qazlal
Ru
Sif Muna
Trog
Uskayaw
Vehumet
Wu Jian
Xom
Yredelemnul
Zin
The Shining One
Lugonu

Shops:
D:2 :   D:6 :   D:7 =   D:8 **(   D:13 (*!*?   D:15 *   Orc:2 *([?=   Elf:2 [
Shoals:2 !*([[   Depths:1 =   Depths:2 *[?**   Depths:4 ?=:=

Portals:
Hell: Depths:1 Depths:2 Depths:3 Depths:4
Abyss: D:3 Lair:5 Depths:3
Pandemonium: Depths:2
Ziggurat: Depths:3
Trove: Depths:2 (give 17 potions of curing)

Annotations:
D:10 exclusion: downstairs
D:12 2 transporters, CraigForest's ghost, journeyman TrSh
Temple 2 transporters


Innate Abilities, Weirdness & Mutations

You are a living statue of rough stone.
Your actions are slow, but your melee attacks are powerful.
You are resistant to unholy torment.
Your maximum health is greatly increased.
Your life essence is reduced to manifest your ancestor. (-10% HP)
You cannot wear most types of armour.
You are amphibious.
You can wear up to eight rings at the same time.
You are immune to poison.
Your skin changes colour to match your surroundings (Stealth+).
((Your rubbery body absorbs attacks. (AC +1, EV +1)))
((You are camouflaged when in or above water. (Stealth+)))
You have tentacles for arms and can constrict up to eight enemies at once.
You are clumsy. (Dex -2)
Your magical capacity is low. (-10% MP)
You occasionally shout uncontrollably at your foes.
You are weak. (Str -2)
You passively dampen the noise of your surroundings.


Message History

You feel the Orb delaying your translocation!
The orb of fire glows red.
The bolt of fire hits you!! You resist.
* * * LOW HITPOINT WARNING * * *
You block the Orb Guardian's attack.
The tentacled monstrosity tentacle-slaps you.
* * * LOW HITPOINT WARNING * * *
You block the tentacled monstrosity's attack. x2
The tentacled monstrosity misses you.
The Orb Guardian fails to trigger a net trap.
The electric golem crackles and sizzles.
The electric golem misses you. The electric golem closely misses you.
You block the electric golem's attack.
The electric golem hits you but does no damage.
The orb of fire glows yellow.
Strange energies course through your body.
You feel odd for a moment.
The Killer Klown honks.
The tentacled monstrosity attacks as you move away!
The tentacled monstrosity completely misses you. x4
The electric golem blinks!
The Orb Guardian misses you. You block the Orb Guardian's attack.
The Killer Klown blinks!
Unknown command.
You block the Orb Guardian's attack. The orb of fire drops a net on you.
You avoid being caught in a net.
The purple draconian shifter hits you but does no damage. x2
Unknown command.
The purple draconian shifter drops a net on you.
You become entangled in the net!
The Killer Klown grows four more heads, takes them off and juggles!
The Killer Klown pies you viciously! The klown pie misses you.
The orb of fire glows bright magenta.
The bolt of fire hits you!! You resist.
* * * LOW HITPOINT WARNING * * *
You see here a throwing net.
You struggle against the net.
The orb of fire glows yellow.
The bolt of fire hits you!! You resist.
You die...

*,,,,,...........##....##
,,,,^,............###.*.#########
,,,,,,.............###[.......)..
,,,,^,.......)..d..# ##.........^
,,,,,,........).XX.# #.......^..
,,^,,,.^.......9qdX# ##.........
,,,,,,........dXXqp# #.........
,,,,,,..^......**..# ##.........
,,,,,,..........8.## #..^.......
*,,,,,,^.........## ##..........
**,,,,,,........## #...........
********#######* ########.###
*****,,,*** #.### *,,,,,,,,,**
#.... *,,,,,,....#* #####
*****,,....⌠#* # ****.....## #


You could see 2 orbs of fire, a Killer Klown, an electric golem, 2 tentacled
monstrosities, a green draconian monk, 2 draconians, a purple draconian, a
purple draconian shifter and 3 Orb Guardians.

Vanquished Creatures
  A dread lich (Vaults:5)
  Mennas (Vaults:3)
  An ancient lich (Vaults:5)
  2 orbs of fire
  Mara (Vaults:5)
  Sojobo (Vaults:4)
  6 curse toes
  Saint Roka (Vaults:3)
  6 golden dragons
  Arachne (Spider:2)
  Norris (Elf:2)
  A Tzitzimitl (Depths:2)
  2 bone dragons
  An electric golem (Zot:1)
  2 doom hounds (Crypt:3)
  12 tentacled monstrosities
  Zenata (Vaults:3)
  A deep elf blademaster (Elf:3)
  2 titans
  3 Orb Guardians (Zot:5)
  3 liches
  2 quicksilver dragons
  A deep elf master archer (Elf:3)
  Polyphemus (Shoals:3)
  6 sphinxes
  An Executioner (Crypt:3)
  3 tengu reavers (Vaults:5)
  An ancient champion (Crypt:2)
  2 shadow dragons
  A kraken (Shoals:2)
  8 death cobs
  11 storm dragons
  A rockslime (IceCv)
  A storm dragon (shapeshifter) (Vaults:4)
  4 draconian monks
  3 azure jellies (IceCv)
  Donald (Shoals:4)
  Ilsuiw (Shoals:3)
  3 draconian knights
  6 frost giants
  2 fire giants
  2 imperial myrmidons (Desolation)
  A caustic shrike zombie (Depths:2)
  8 emperor scorpions
  A draconian shifter (Zot:1)
  5 deep elf sorcerers
  An iron dragon (Vaults:5)
  5 ghost moths
  3 deep elf elementalists (Elf:3)
  5 draconian scorchers
  A spectral caustic shrike (Depths:2)
  14 vault wardens
  A spriggan defender (Depths:3)
  5 draconian annihilators
  A juggernaut zombie (Crypt:3)
  6 ghouls
  4 draconian stormcallers
  13 ironbound preservers
  3 quicksilver oozes (IceCv)
  5 war gargoyles
  A formless jellyfish (Vaults:1)
  An ophan (Depths:1)
  5 stone giants
  14 very ugly things
  3 reapers (Depths:2)
  4 ironbound thunderhulks
  3 green draconians
  3 vampire knights (Crypt:1)
  17 yellow draconians
  8 red draconians
  7 deep elf annihilators
  4 deep elf demonologists
  A spectral titan (Depths:2)
  6 spark wasps
  5 white draconians
  10 purple draconians
  3 dire elephants (Vaults:3)
  A halazid warlock (Desolation)
  The ghost of LobsterGuardian the Martial Artist, a journeyman DsSh of Uskayaw (Orc:2)
  10 black draconians
  2 crystal guardians (Crypt:3)
  A minotaur (Shoals:4)
  7 fire dragons
  11 deep elf death magi
  A merfolk javelineer (Shoals:4)
  A quicksilver dragon zombie (Crypt:2)
  3 eidola
  3 ettins
  2 merfolk impalers
  4 entropy weavers
  10 jiangshi
  Josephine (Lair:4)
  9 great orbs of eyes
  2 servants of whispers (Desolation)
  7 ice dragons
  An entropy weaver (shapeshifter) (D:15)
  11 yaktaur captains
  3 ragged hierophants (Desolation)
  3 spriggan zombies
  A hydra (shapeshifter) (Vaults:5)
  6 ogre magi
  A rakshasa (Depths:2)
  A merfolk avatar (Shoals:3)
  28 vault guards
  4 peacekeepers (Desolation)
  A hydra (D:15)
  A merfolk aquamancer (Shoals:2)
  3 radroaches
  2 spriggan skeletons
  A jorogumo (shapeshifter) (Vaults:2)
  An alligator (Shoals:1)
  A satyr (shapeshifter) (Depths:1)
  A spectral frost giant (Depths:2)
  7 boulder beetles
  7 centaur warriors
  10 ironbound frosthearts
  18 dancing weapons
  18 two-headed ogres
  An alligator snapping turtle (Shoals:4)
  6 satyrs (Shoals:4)
  A spectral stone giant (Depths:2)
  18 death yaks
  4 deep troll earth magi
  A deep troll shaman (Depths:3)
  10 hell knights
  Urug (Lair:5)
  7 vampire magi
  An orc high priest (Orc:2)
  A thrashing horror (Lair:5)
  2 titan zombies
  2 spriggans (Depths:1)
  12 deep elf knights
  16 demonic crawlers
  4 pharaoh ants
  A fire crab (shapeshifter) (D:14)
  Amaemon (Lair:3)
  4 iron trolls
  10 skeletal warriors
  2 sun moths
  A golden dragon zombie (Depths:1)
  A goliath frog (Shoals:1)
  A skyshark (Shoals:2)
  A storm dragon skeleton (Depths:2)
  53 deep trolls
  6 deep elf archers
  3 flayed ghosts
  3 orb spiders
  7 sea snakes
  6 bog bodies
  8 steelbarb worms
  3 harpies
  A tengu zombie (Vaults:3)
  4 phantasmal warriors
  15 ironbound convokers
  23 deep elf zephyrmancers
  2 golden dragon skeletons (Depths:2)
  4 wizards
  2 anaconda skeletons (Crypt:3)
  10 necromancers
  7 lindwurms
  A shadow dragon zombie (Crypt:1)
  An orc knight (D:15)
  22 deep elf pyromancers
  2 iron dragon zombies (Depths:2)
  16 wolf spiders
  A tengu skeleton (Depths:2)
  A sphinx skeleton (Depths:2)
  20 ugly things
  6 manticores (Shoals:4)
  4 orc sorcerers
  2 shining eyes (Depths:1)
  2 fauns (Shoals:4)
  17 moths of wrath
  6 cyclopes
  4 elephants
  A shining eye (shapeshifter) (Vaults:5)
  5 merfolk sirens
  An eye of devastation (Depths:1)
  3 guardian serpents (Desolation)
  2 titan simulacra
  A molten gargoyle (Desolation)
  A dire elephant zombie (Crypt:3)
  11 cane toads
  15 vault sentinels
  2 water nymphs
  7 apocalypse crabs (Zot:2)
  2 black mambas
  Joseph (D:7)
  A smoke demon (Lair:5)
  2 elf skeletons
  4 torpor snails
  6 komodo dragons
  An efreet (D:15)
  8 rime drakes
  A kobold demonologist (D:13)
  6 freezing wraiths
  A rime drake (shapeshifter) (D:9)
  A spectral human (Depths:2)
  A spark wasp simulacrum (Depths:2)
  2 yaktaur skeletons
  3 tormentors (Depths:2)
  A golden dragon simulacrum (Depths:2)
  24 yaktaurs
  A catoblepas skeleton (Crypt:2)
  A hydra zombie (Crypt:3)
  A harpy zombie (Crypt:1)
  2 spectral glowing shapeshifters (Depths:2)
  9 meliai
  7 trolls
  3 hornets
  A harpy skeleton (Crypt:3)
  13 merfolk
  A queen bee (Spider:1)
  A raiju (Lair:5)
  2 wind drakes
  A dream sheep (shapeshifter) (Vaults:5)
  7 dream sheep
  A hornet (shapeshifter) (Lair:5)
  19 saltlings (Desolation)
  3 fire giant simulacra (Depths:2)
  A hydra skeleton (Crypt:1)
  21 tarantellas
  23 blink frogs
  11 slime creatures
  A black mamba zombie (Crypt:3)
  A frost giant simulacrum (Depths:1)
  5 snapping turtles
  28 culicivoras
  6 flying skulls
  12 jumping spiders
  4 water elementals
  3 shadows
  13 wyverns
  2 fire elementals (Elf:2)
  A large abomination (Lair:5)
  2 ettin skeletons
  2 air elementals
  A ynoxinul (Lair:5)
  6 wraiths
  29 yaks
  38 redbacks
  A golden eye (Depths:1)
  3 basilisks
  A chaos spawn (Lair:5)
  A steam dragon (D:8)
  12 vampire mosquitoes
  Menkaure (D:7)
  A redback (shapeshifter) (Elf:3)
  A warg (Vaults:3)
  Duvessa (D:7)
  9 water moccasins
  An acid dragon (D:10)
  A glowing shapeshifter zombie (Vaults:2)
  17 orc warriors
  7 small abominations
  A floating eye (Depths:1)
  3 great orb of eyes simulacra (IceCv)
  An ettin simulacrum (Crypt:1)
  5 black bears
  An ice beast (D:6)
  A sky beast (D:7)
  5 ogres
  8 wolves
  3 boggarts (Vaults:3)
  8 centaurs
  The ghost of Gelion the Changeling, an amateur OpSh (D:3)
  4 phantoms
  2 kobold brigands
  6 bullfrogs
  An earth elemental (Elf:2)
  3 glowing shapeshifter simulacra (IceCv)
  4 necrophages
  4 scorpions
  14 wights
  Dowan (D:7)
  12 killer bees (Spider:1)
  2 howler monkeys
  2 lava snakes (D:9)
  5 hounds
  4 jellies
  15 orc priests
  A gnoll bouda (D:7)
  3 iguanas
  17 orc wizards
  10 hell rats
  An ice beast zombie (Crypt:1)
  16 gnolls
  8 adders
  2 shadow imps
  A white imp (D:7)
  An iguana zombie (Crypt:2)
  5 worms
  5 dart slugs
  58 orcs
  8 endoplasms
  3 giant cockroaches
  4 goblins
  8 hobgoblins
  13 jackals
  11 kobolds
  3 ball pythons
  5 bats
  3 frilled lizards
  2 rats (D:1)
  A tentacle (Shoals:1)
1624 creatures vanquished.

Vanquished Creatures (collateral kills)
  An ancient lich (Crypt:3)
  2 orbs of fire
  Margery (Crypt:3)
  A Killer Klown (Zot:5)
  A curse toe (Zot:4)
  Nikola (Vaults:1)
  2 golden dragons (Zot:2)
  6 tentacled monstrosities
  7 Orb Guardians (Zot:5)
  Grunn (Crypt:3)
  3 titans (Vaults:5)
  2 liches
  2 quicksilver dragons
  3 deep elf blademasters (Elf:3)
  2 krakens
  A sphinx (Vaults:3)
  An Executioner (Depths:2)
  2 death cobs
  3 tengu reavers
  4 shadow dragons
  2 draconian monks
  6 storm dragons
  A draconian scorcher (Zot:2)
  7 vault wardens
  2 ghost moths (Spider:4)
  A deep elf sorcerer (Elf:3)
  3 deep elf elementalists (Elf:3)
  2 frost giants (Vaults:5)
  11 ironbound preservers
  A draconian shifter (Zot:1)
  2 ghouls (Crypt:2)
  2 draconian annihilators
  10 very ugly things
  5 stone giants
  A war gargoyle (Vaults:3)
  7 green draconians
  An ironbound thunderhulk (Vaults:1)
  3 vampire knights
  4 black draconians
  2 purple draconians
  2 deep elf demonologists
  A deep elf annihilator (Vaults:5)
  A halazid warlock (Desolation)
  A minotaur (Shoals:4)
  3 red draconians
  A yellow draconian (Zot:2)
  2 spark wasps
  2 jiangshi
  3 crystal guardians
  5 deep elf death magi
  4 merfolk impalers
  2 white draconians (Depths:4)
  6 ettins
  4 great orbs of eyes
  2 fire dragons (Depths:1)
  4 yaktaur captains (Vaults:4)
  2 entropy weavers
  2 rakshasas
  A spriggan zombie (Depths:2)
  3 ragged hierophants (Desolation)
  Fannar (D:12)
  3 deep elf high priests
  9 vault guards
  2 hydras
  2 spriggan air magi
  4 peacekeepers
  An ogre mage (Vaults:5)
  3 centaur warriors
  4 servants of whispers (Desolation)
  Erica (D:9)
  3 ironbound frosthearts
  2 boulder beetles
  2 ice dragons
  An alligator (Shoals:1)
  A radroach (shapeshifter) (Depths:1)
  A catoblepas (Shoals:3)
  5 two-headed ogres
  10 dancing weapons
  A two-headed ogre (shapeshifter) (Vaults:5)
  6 death yaks
  2 satyrs (Shoals:4)
  An alligator snapping turtle (Shoals:1)
  A thrashing horror (Lair:5)
  2 vampire magi (Depths:2)
  A deep troll shaman (Depths:1)
  4 deep troll earth magi
  A demonic crawler (Spider:1)
  2 spriggan berserkers (Depths:1)
  4 spriggans
  6 hell knights
  A soul eater (Crypt:2)
  9 deep elf knights
  A shadow wraith (Crypt:2)
  10 skeletal warriors
  An iron troll (Depths:3)
  4 skysharks
  3 pharaoh ants
  A large abomination (Lair:5)
  3 titan skeletons
  3 sea snakes
  A quicksilver dragon simulacrum (Vaults:2)
  10 deep trolls
  4 orb spiders
  2 tengu zombies
  4 phantasmal warriors
  6 deep elf archers
  4 wizards
  7 necromancers
  6 harpies
  12 ironbound convokers
  2 orange crystal statues (IceCv)
  14 deep elf zephyrmancers
  2 steelbarb worms
  6 lindwurms
  A golden dragon skeleton (Depths:2)
  An orc knight (Orc:2)
  An orc sorcerer (Orc:2)
  15 deep elf pyromancers
  4 oklob plants (Lair:4)
  2 fauns (Shoals:4)
  6 wolf spiders
  5 manticores
  A human zombie (Vaults:2)
  10 ugly things
  A cyclops (D:14)
  An elephant (Lair:2)
  9 vault sentinels
  4 merfolk sirens
  A naga zombie (Crypt:3)
  10 moths of wrath
  2 apocalypse crabs (Zot:2)
  2 water nymphs (Shoals:2)
  3 black mambas
  2 torpor snails (Spider:4)
  A smoke demon (Lair:5)
  6 guardian serpents (Desolation)
  5 cane toads
  A gargoyle (D:13)
  A molten gargoyle (Desolation)
  A black draconian zombie (Crypt:2)
  A komodo dragon (Lair:4)
  An unseen horror (shapeshifter) (Depths:1)
  An unseen horror (D:12)
  3 rime drakes (Lair:3)
  An anaconda simulacrum (Crypt:1)
  An orange demon (Lair:3)
  2 freezing wraiths
  A grey draconian skeleton (Crypt:1)
  12 yaktaurs
  A human skeleton (Vaults:2)
  3 tengu conjurers
  17 merfolk
  A black draconian skeleton (Crypt:1)
  6 meliai
  2 trolls
  A shadow dragon simulacrum (Depths:2)
  4 hornets
  4 wind drakes
  41 saltlings (Desolation)
  A raiju (Lair:5)
  A snapping turtle (Shoals:1)
  5 tarantellas
  8 blink frogs
  A jumping spider zombie (Crypt:1)
  A hydra skeleton (Crypt:3)
  A dream sheep (Shoals:1)
  8 jumping spiders
  35 flying skulls
  A fire giant simulacrum (Depths:1)
  10 culicivoras
  A shadow (D:11)
  19 slime creatures
  17 yaks
  A satyr skeleton (Crypt:2)
  3 wraiths (Lair:4)
  An air elemental (Elf:3)
  2 fire elementals (Elf:1)
  2 water elementals
  A wyvern (Lair:4)
  4 basilisks
  2 golden eyes (Depths:1)
  18 redbacks
  A steam dragon (D:8)
  7 vampire mosquitoes
  A basilisk (shapeshifter) (Lair:5)
  A warg (Orc:2)
  An acid dragon (D:14)
  6 water moccasins
  An entropy weaver zombie (Crypt:1)
  2 naga skeletons (Crypt:1)
  15 orc warriors
  A black bear (Lair:3)
  5 great orb of eyes simulacra (IceCv)
  A boggart (Vaults:3)
  7 wolves
  7 centaurs
  3 slime creature simulacra (IceCv)
  A kobold brigand (D:9)
  5 bullfrogs
  3 necrophages
  An earth elemental (Elf:3)
  3 glowing shapeshifter simulacra (IceCv)
  5 wights
  6 small abominations (Lair:5)
  9 killer bees (Spider:1)
  A howler monkey (D:13)
  A quasit (D:3)
  2 gnoll boudas
  11 orc priests
  A basilisk skeleton (Crypt:1)
  14 orc wizards
  7 hell rats
  A sky beast zombie (Crypt:1)
  4 gnolls
  A swamp drake zombie (Crypt:1)
  A white imp (D:3)
  24 orcs
  A frilled lizard skeleton (Crypt:2)
  13 kobolds
  A kobold zombie (Crypt:2)
  A tentacle (Shoals:1)
890 creatures vanquished.

Vanquished Creatures (others)
  An ettin (Vaults:5)
  6 vault guards (Vaults:5)
  A dancing weapon (Elf:2)
  A deep elf pyromancer (Elf:1)
  2 deep elf zephyrmancers
  A tarantella (Spider:4)
  A water elemental (Elf:2)
  An orc priest (Orc:2)
  3 ancestors (D:8)
  91 battlemagi
  An orc wizard (Orc:2)
  An orc (D:12)
  10 tentacles
120 creatures vanquished.

Grand Total: 2634 creatures vanquished

Notes
Turn   | Place    | Note
-------+----------+-------------------------------------------
     0 | D:1      | LustLizard the Octopode Shapeshifter began the quest for
                  | the Orb.
     0 | D:1      | Reached XP level 1. HP: 13/13 MP: 1/1
   238 | D:1      | Reached skill level 1 in Stealth
   238 | D:1      | Reached XP level 2. HP: 18/18 MP: 2/2
   465 | D:1      | Found a faded altar of an unknown god.
   514 | D:1      | Reached XP level 3. HP: 23/23 MP: 3/3
  1430 | D:2      | Reached XP level 4. HP: 23/29 MP: 4/4
  1804 | D:2      | Found Apneschiw's Book Shop.
  1870 | D:2      | Reached skill level 4 in Unarmed Combat
  2277 | D:3      | Found a one-way gate to the infinite horrors of the Abyss.
  2277 | D:3      | Noticed Gelion's ghost (amateur OpSh)
  2290 | D:3      | Found a transporter.
  2499 | D:3      | Reached XP level 5. HP: 34/34 MP: 5/5
  2821 | D:3      | Found a transporter.
  3007 | D:4      | Got the Precepts of Unhallowed Secrets
  3839 | D:4      | Reached XP level 6. HP: 24/41 MP: 6/6
  3956 | D:4      | Reached skill level 1 in Evocations
  4395 | D:5      | Entered Level 5 of the Dungeon
  4419 | D:5      | Reached skill level 5 in Unarmed Combat
  4540 | D:5      | Reached XP level 7. HP: 17/46 MP: 7/7
  4870 | D:5      | You fall into a shaft and drop 1 floor!
  4880 | D:6      | Noticed a hornet
  4921 | D:6      | Found Otsib's Book Shoppe.
  4978 | D:6      | HP: 2/46 [ice beast (14)]
  5077 | D:6      | Found a glowing drain.
  5111 | Sewer    | Entered a sewer
  5187 | Sewer    | Reached skill level 5 in Stealth
  5187 | Sewer    | Reached skill level 6 in Unarmed Combat
  5187 | Sewer    | Reached XP level 8. HP: 54/54 MP: 8/8
  5992 | D:6      | Reached skill level 7 in Unarmed Combat
  6118 | D:6      | Killed a hornet
  6119 | D:6      | Reached XP level 9. HP: 59/59 MP: 9/9
  6204 | D:6      | Reached skill level 5 in Shapeshifting
  6231 | D:6      | Found a staircase to the Ecumenical Temple.
  6246 | Temple   | Found a transporter.
  6246 | Temple   | Found a transporter.
  6246 | Temple   | Found a transporter.
  6246 | Temple   | Found a transporter.
  6246 | Temple   | Entered the Ecumenical Temple
  6258 | Temple   | Became a worshipper of Hepliaklqana the Forgotten
  6559 | D:7      | Noticed Duvessa
  6559 | D:7      | Noticed Dowan
  6567 | D:7      | Killed Dowan
  6568 | D:7      | Killed Duvessa
  6569 | D:7      | Reached skill level 5 in Fighting
  6752 | D:7      | Reached skill level 8 in Unarmed Combat
  6981 | D:7      | Noticed Joseph
  7243 | D:7      | Noticed Menkaure
  7246 | D:7      | Killed Menkaure
  7247 | D:7      | Reached skill level 1 in Spellcasting
  7362 | D:7      | Found Ehaeruig's Jewellery Shop.
  7730 | D:8      | Found a radiant altar of Vehumet.
  7816 | D:8      | Noticed a troll
  7819 | D:8      | Killed a troll
  7851 | D:8      | Reached skill level 9 in Unarmed Combat
  7851 | D:8      | Reached XP level 10. HP: 68/68 MP: 11/13
  7873 | D:8      | Found a staircase to the Lair.
  7879 | D:8      | Reached * piety under Hepliaklqana
  8246 | D:7      | Killed Joseph
  8816 | D:8      | Found Geyhanoe's Assorted Antiques.
  9020 | D:8      | Bought a sapphire potion for 28 gold pieces
  9020 | D:8      | Bought a scroll labelled JAW KEHOTEIVUNT for 32 gold pieces
  9020 | D:8      | Bought a scroll labelled JIKYKE UHOERICH for 32 gold pieces
  9020 | D:8      | Bought a glowing buckler for 240 gold pieces
  9028 | D:8      | Found Ceki's Assorted Antiques.
  9105 | D:8      | Found Jakhlos's Weapon Boutique.
  9113 | D:8      | Noticed an elephant
  9155 | D:8      | Killed an elephant
  9772 | D:9      | Identified the +5 spear "Fish" {freeze, rC+ Str+3 Dex-4
                  | SInv}
  9821 | D:9      | Reached ** piety under Hepliaklqana
  9822 | D:9      | Remembered your ancestor Wenzel as a battlemage
  9920 | D:9      | Noticed a cyclops
  9969 | D:9      | Noticed a two-headed ogre
 10034 | D:9      | Reached skill level 1 in Shields
 10189 | D:9      | Killed a two-headed ogre
 10190 | D:9      | Reached skill level 10 in Unarmed Combat
 10452 | D:9      | Found a glowing golden altar of the Shining One.
 10697 | D:9      | Reached XP level 11. HP: 52/66 MP: 12/16
 10919 | D:9      | Reached skill level 5 in Dodging
 10976 | D:9      | Noticed Erica
 10982 | D:9      | Killed Erica
 11141 | D:9      | Killed a cyclops
 11255 | D:10     | Entered Level 10 of the Dungeon
 11534 | D:10     | Identified the +11 short sword of Peyqasoz {speed, Int+7}
 11607 | D:10     | Noticed a two-headed ogre
 11615 | D:10     | Killed a two-headed ogre
 11734 | D:10     | Found a sacrificial altar of Ru.
 12241 | D:11     | Reached skill level 11 in Unarmed Combat
 12310 | D:11     | Reached *** piety under Hepliaklqana
 12338 | D:11     | Noticed a two-headed ogre
 12346 | D:11     | Killed a two-headed ogre
 12991 | D:11     | Found a snail-covered altar of Cheibriados.
 13098 | D:8      | Bought a cyan potion for 28 gold pieces
 13098 | D:8      | Bought a bubbling blue potion for 28 gold pieces
 13098 | D:8      | Bought a grey potion for 28 gold pieces
 13098 | D:8      | Bought a glowing ruby potion for 28 gold pieces
 13098 | D:8      | Bought a bubbling amethyst potion for 28 gold pieces
 13455 | Lair:1   | Entered Level 1 of the Lair of Beasts
 13572 | Lair:1   | Reached XP level 12. HP: 56/73 MP: 14/18
 14031 | Lair:1   | Reached **** piety under Hepliaklqana
 14062 | Lair:1   | Found a hide-covered altar of Uskayaw.
 14062 | Lair:1   | Found an ornate altar of the Wu Jian Council.
 14062 | Lair:1   | Noticed a boulder beetle
 14244 | Lair:1   | Killed a boulder beetle
 14245 | Lair:1   | Reached skill level 5 in Evocations
 14817 | Lair:2   | Reached skill level 12 in Unarmed Combat
 14905 | Lair:2   | Reached skill level 5 in Shields
 14924 | Lair:2   | Noticed a death yak
 14927 | Lair:2   | Noticed a death yak
 14928 | Lair:2   | Noticed a death yak
 14929 | Lair:2   | Noticed a death yak
 14931 | Lair:2   | Noticed a death yak
 14946 | Lair:2   | Killed a death yak
 14953 | Lair:2   | Killed a death yak
 14959 | Lair:2   | Killed a death yak
 14966 | Lair:2   | Killed a death yak
 14972 | Lair:2   | Killed a death yak
 15570 | Lair:2   | Reached XP level 13. HP: 81/81 MP: 19/19
 15759 | D:8      | Bought a scroll labelled XIXISA ELIUL for 32 gold pieces
 15992 | Lair:3   | Reached skill level 13 in Unarmed Combat
 16045 | Lair:3   | Noticed Amaemon
 16190 | Lair:3   | Reached ***** piety under Hepliaklqana
 16434 | Lair:3   | Killed Amaemon
 16683 | Lair:3   | Found a hole to the Spider Nest.
 16726 | Lair:3   | HP: 3/81 [four-headed hydra (13)]
 17302 | Lair:3   | Found a staircase to the Shoals.
 17909 | Lair:4   | Reached skill level 14 in Unarmed Combat
 17910 | Lair:4   | Reached skill level 10 in Fighting
 18134 | Lair:4   | Noticed Josephine
 18141 | Lair:4   | Killed Josephine
 18150 | Lair:4   | Reached XP level 14. HP: 78/89 MP: 16/20
 18663 | Lair:4   | Found a staircase to the Slime Pits.
 19975 | Lair:5   | Entered Level 5 of the Lair of Beasts
 20180 | Lair:5   | Reached skill level 10 in Shapeshifting
 20398 | Lair:5   | Reached skill level 15 in Unarmed Combat
 20541 | Lair:5   | Noticed Urug
 20998 | Lair:5   | Killed Urug
 21705 | Lair:5   | Reached XP level 15. HP: 58/96 MP: 14/21
 21846 | Lair:5   | Got the Secrets of Open Graves
 22374 | Lair:5   | Found a corrupted altar of Lugonu.
 22589 | D:12     | Noticed Fannar
 22714 | D:11     | Reached skill level 16 in Unarmed Combat
 22894 | D:12     | Killed Fannar
 23279 | D:12     | Identified the +2 trident of Chaos {elec, SInv}
 23281 | D:12     | Found a transporter.
 23284 | D:12     | Found a transporter.
 23285 | D:12     | Noticed a sphinx
 23288 | D:12     | Noticed CraigForest's ghost (journeyman TrSh)
 23445 | D:12     | Found a staircase to the Orcish Mines.
 23717 | Orc:1    | Entered Level 1 of the Orcish Mines
 23780 | Orc:1    | You fall into a shaft and drop 1 floor!
 23780 | Orc:2    | Entered Level 2 of the Orcish Mines
 23780 | Orc:2    | Found Ebogec's Assorted Antiques.
 24009 | Orc:2    | Found a staircase to the Elven Halls.
 24106 | Orc:2    | Found a large runed translucent door.
 24107 | Orc:2    | Found a large runed translucent door.
 24110 | Orc:2    | Found the +7 mace of Variability {chaos, chaos arc}
 24112 | Orc:2    | Noticed LobsterGuardian's ghost (journeyman DsSh)
 24478 | Orc:2    | Found Umyoh's Armour Emporium.
 24478 | Orc:2    | Found Rofuug's Weapon Emporium.
 24479 | Orc:2    | Found Wonkaq's Magic Scroll Shoppe.
 24482 | Orc:2    | Found Goliel's Jewellery Shoppe.
 25198 | Orc:2    | Killed LobsterGuardian's ghost
 25588 | Orc:1    | Reached ****** piety under Hepliaklqana
 26065 | D:7      | Bought a granite talisman for 1280 gold pieces
 26195 | D:13     | Found Erphoale's Weapon Boutique.
 26381 | D:13     | Found Dyasy's Assorted Antiques.
 26389 | D:13     | Bought a scroll labelled ECIZAKAIGH for 30 gold pieces
 26389 | D:13     | Bought a scroll labelled RYOH ES TEIMM for 30 gold pieces
 26389 | D:13     | Bought a scroll labelled OTRIOQ KIUNIZ for 30 gold pieces
 26523 | D:13     | Found Muorgh's Assorted Antiques.
 26524 | D:13     | Found Ulexzyc's Distillery.
 26553 | D:13     | Bought a scroll labelled RYOH ES TEIMM for 28 gold pieces
 26589 | D:13     | Found Ciubem's Magic Scroll Shoppe.
 26848 | D:14     | Found a gate to the Vaults.
 26900 | D:14     | Identified the +2 trident of the Living Dead {freeze,
                  | Contam rF+ Str+4}
 27027 | D:14     | Found a corrupted altar of Lugonu.
 27523 | D:15     | Entered Level 15 of the Dungeon
 27541 | D:15     | Found a staircase to the Depths.
 27630 | D:15     | Reached skill level 17 in Unarmed Combat
 27630 | D:15     | Reached XP level 16. HP: 97/102 MP: 22/22
 27636 | D:15     | Found Foloroz's Assorted Antiques.
 28030 | D:15     | Found a shimmering altar of Xom.
 28032 | D:15     | Found a white marble altar of Elyvilon.
 28032 | D:15     | Found a shimmering altar of Xom.
 28035 | D:15     | Found a shadowy altar of Dithmenos.
 28035 | D:15     | Found an iron altar of Okawaru.
 28035 | D:15     | Found an ancient bone altar of Kikubaaqudgha.
 28567 | D:15     | Learned a level 4 spell: Iskenderun's Mystic Blast
 28708 | Orc:2    | Bought a glowing hat for 203 gold pieces
 28825 | D:13     | Bought a scroll of teleportation for 39 gold pieces
 28825 | D:13     | Bought a scroll of teleportation for 39 gold pieces
 28825 | D:13     | Bought a scroll of identify for 26 gold pieces
 28825 | D:13     | Bought a scroll of identify for 26 gold pieces
 28828 | D:13     | Reached XP level 17. HP: 108/108 MP: 23/23
 29075 | D:3      | Killed Gelion's ghost
 29626 | Spider:1 | Entered Level 1 of the Spider Nest
 29853 | Spider:1 | Found a frozen archway.
 29877 | IceCv    | Entered an ice cave
 30730 | IceCv    | Reached skill level 5 in Translocations
 30733 | IceCv    | Reached skill level 5 in Conjurations
 30819 | IceCv    | Found a viscous altar of Jiyva.
 30841 | IceCv    | Identified the amulet of Nohoungyil {RegenMP Str+2}
 31287 | Spider:1 | Identified the +0 great mace of Governance {flame, rPois
                  | rN+ Str+3 SInv}
 31503 | Spider:2 | Reached XP level 18. HP: 109/114 MP: 22/24
 31587 | Spider:2 | Noticed Arachne
 31606 | Spider:2 | Killed Arachne
 31887 | Spider:2 | Reached skill level 18 in Unarmed Combat
 33286 | Spider:4 | Entered Level 4 of the Spider Nest
 34217 | Spider:4 | Got The Rites and Rhymes in Simple Steps
 34523 | Spider:4 | Reached XP level 19. HP: 121/121 MP: 4/25
 34609 | Spider:4 | Got a gossamer rune of Zot
 34654 | Spider:4 | Reached skill level 10 in Dodging
 35477 | Orc:2    | Bought a scroll of blinking for 217 gold pieces
 35477 | Orc:2    | Bought a scroll of teleportation for 87 gold pieces
 35512 | Orc:2    | Bought a scroll of fear for 64 gold pieces
 35512 | Orc:2    | Bought a scroll of summoning for 152 gold pieces
 35643 | D:13     | Bought a potion of haste for 140 gold pieces
 35643 | D:13     | Bought a potion of berserk rage for 70 gold pieces
 35802 | Shoals:1 | Entered Level 1 of the Shoals
 35890 | Shoals:1 | Reached skill level 1 in Invocations
 36685 | Shoals:2 | Found Tagoehoi's Antique Armour Shop.
 36697 | Shoals:2 | Found Niut's Antique Armour Emporium.
 36720 | Shoals:2 | Found Weseb's Antique Weapon Shop.
 36884 | Shoals:2 | Reached skill level 19 in Unarmed Combat
 37144 | Shoals:2 | Found Gotrufru's General Store.
 37147 | Shoals:2 | Bought a scroll of teleportation for 42 gold pieces
 37147 | Shoals:2 | Found Pazacw's Distillery.
 37406 | Shoals:3 | Noticed Ilsuiw
 37414 | Shoals:3 | Killed Ilsuiw
 37451 | Shoals:3 | Reached skill level 5 in Invocations
 37568 | Shoals:3 | Noticed Polyphemus
 37578 | Shoals:3 | Killed Polyphemus
 38013 | Shoals:4 | Entered Level 4 of the Shoals
 38093 | Shoals:4 | Identified the ring "Voghe" {rElec rPois rN+++ Str+6 Int-5}
 38146 | Shoals:4 | Got a barnacled rune of Zot
 38256 | Shoals:4 | Identified the +1 long sword of the Haunted God {antimagic,
                  | rElec rC+ Str+2 Dex-3}
 38308 | Shoals:4 | Got Nusuesy's Compendium of the Rocks
 38310 | Shoals:4 | Identified the +8 longbow of the Sea {freeze, +Blink rC+
                  | MP+9}
 38364 | Shoals:4 | Reached XP level 20. HP: 121/128 MP: 20/26
 38636 | Shoals:4 | Identified the staff "Laschex" {rF+ Dex+2 Fire}
 38668 | Shoals:4 | Noticed Donald
 38671 | Shoals:4 | Killed Donald
 39232 | Elf:1    | Entered Level 1 of the Elven Halls
 39640 | Elf:1    | Got the Lessons on Arcane Weapons
 39731 | Elf:1    | Reached skill level 20 in Unarmed Combat
 40061 | Elf:2    | Noticed Norris
 40066 | Elf:2    | Killed Norris
 40086 | Elf:2    | Paralysed by an air elemental for 1 turns
 40093 | Elf:2    | Paralysed by an air elemental for 1 turns
 40237 | Elf:2    | Found Ebumiemo's Armour Emporium.
 40444 | Elf:2    | Found a runed translucent gate.
 40445 | Elf:2    | Found a runed translucent gate.
 40445 | Elf:2    | Found a runed translucent gate.
 41080 | Elf:3    | Entered Level 3 of the Elven Halls
 41088 | Elf:3    | Reached skill level 15 in Fighting
 41365 | Elf:3    | Reached XP level 21. HP: 135/135 MP: 24/27
 41398 | Elf:3    | Reached skill level 10 in Shields
 41790 | Elf:3    | Reached skill level 21 in Unarmed Combat
 41933 | Elf:3    | Identified the +6 battleaxe "Othoy" {heavy, rPois Will-
                  | rCorr SInv}
 42013 | Elf:3    | Identified the staff of Voracious Guile {rElec rF+ Str+2
                  | Int-5 Fire}
 42048 | Elf:3    | Identified the +1 chain mail of the Farrier {rPois Int+6
                  | Stlth-}
 42338 | Vaults:1 | Entered Level 1 of the Vaults
 42343 | Vaults:1 | Noticed Nikola
 42348 | Vaults:1 | Killed Nikola
 42356 | Vaults:1 | Reached skill level 10 in Stealth
 42791 | Vaults:1 | Reached skill level 5 in Spellcasting
 43986 | Elf:2    | Bought the -2 hat of the Alchemist {rElec rPois rF+ rC+ rN+
                  | Will+ rMut rCorr} for 944 gold pieces
 43986 | Elf:2    | Found the -2 hat of the Alchemist {rElec rPois rF+ rC+ rN+
                  | Will+ rMut rCorr}
 44192 | Vaults:2 | Found a crumbling gateway.
 44216 | Vaults:2 | Reached skill level 15 in Shapeshifting
 44252 | Vaults:2 | Reached XP level 22. HP: 143/143 MP: 27/31
 44355 | Desolati | Entered the Desolation of Salt
 44395 | Desolati | Got the Omnibus of Ensorcelling
 44444 | Desolati | Identified the amulet of Amorality {Spirit rPois}
 44459 | Desolati | Got Oplupekk's Elucidation of Refrigeration and the Salvo
 44466 | Desolati | Identified the ring of Xom's Attic {rElec rF- AC+4 Str+4
                  | Stlth+}
 44753 | Desolati | Reached skill level 22 in Unarmed Combat
 45051 | Desolati | Identified the +3 ring mail "Yriegay" {rC+ Int+3}
 46095 | Vaults:3 | Reached skill level 15 in Stealth
 46285 | Vaults:3 | Noticed Saint Roka
 46300 | Vaults:3 | Killed Saint Roka
 46488 | Vaults:3 | Reached XP level 23. HP: 149/149 MP: 35/35
 46758 | Vaults:3 | Noticed Zenata
 46772 | Vaults:3 | Killed Zenata
 47314 | Vaults:3 | Found a staircase to the Crypt.
 47314 | Vaults:3 | Found an ancient bone altar of Kikubaaqudgha.
 47314 | Vaults:3 | Found a basalt altar of Yredelemnul.
 47316 | Vaults:3 | Identified the +11 halberd of Domination {freeze, *Corrode
                  | Will- Str+8 Stlth+}
 47440 | Vaults:3 | Noticed Mennas
 47448 | Vaults:3 | Killed Mennas
 47498 | Vaults:3 | Identified the +7 arbalest "Kin Egiru" {flame, +Blink rC+
                  | Int+2}
 47502 | Vaults:3 | Identified the +2 arbalest "Hout" {drain, rElec}
 47669 | Vaults:4 | Identified the +9 morningstar of Mastery {elec, rF+}
 47877 | Vaults:4 | Reached skill level 10 in Spellcasting
 48047 | Vaults:4 | Reached skill level 23 in Unarmed Combat
 49107 | Depths:1 | Entered Level 1 of the Depths
 49131 | Depths:1 | Reached XP level 24. HP: 157/157 MP: 34/38
 49224 | Depths:1 | Found a gateway to Hell.
 49569 | Depths:1 | Found Tyqeud's Jewellery Shop.
 49702 | Depths:1 | Gained mutation: You occasionally shout uncontrollably at
                  | your foes. [a shining eye]
 49736 | Depths:1 | Paralysed by a floating eye for 2 turns
 49740 | Depths:1 | Paralysed by a floating eye for 3 turns
 49746 | Depths:1 | Paralysed by a floating eye for 4 turns
 49755 | Depths:1 | Paralysed by a floating eye for 3 turns
 50047 | Depths:2 | Found Elaes's Assorted Antiques.
 50097 | Depths:2 | Found a portal to a secret trove of treasure.
 50201 | D:13     | Bought a potion of curing for 90 gold pieces
 50426 | Shoals:2 | Bought a potion of curing for 57 gold pieces
 50681 | Depths:2 | Found Qaoff's Assorted Antiques.
 50719 | Depths:2 | Found Gaep's Armour Shop.
 50755 | Depths:2 | Found Ecket's Magic Scroll Shoppe.
 50990 | Depths:2 | Found Baova's General Store.
 51239 | Depths:2 | Found an ancient bone altar of Kikubaaqudgha.
 51255 | Depths:2 | Learned a level 9 spell: Fire Storm
 51343 | Depths:2 | Reached skill level 1 in Fire Magic
 51818 | Depths:2 | Identified the staff "Omaosh" {Will- rCorr Str+6 Earth}
 51964 | Depths:2 | Found a one-way gate leading to the halls of Pandemonium.
 52191 | Depths:3 | Reached skill level 24 in Unarmed Combat
 52537 | Depths:3 | Found a blossoming altar of Fedhas.
 52558 | Depths:3 | Reached XP level 25. HP: 162/162 MP: 39/39
 52769 | Depths:3 | Found a one-way gateway to a ziggurat.
 53102 | Depths:4 | Entered Level 4 of the Depths
 53318 | Depths:4 | Reached skill level 5 in Fire Magic
 53579 | Depths:4 | Found a gate to the Realm of Zot.
 53651 | Depths:4 | Found Gief's Magic Scroll Emporium.
 53781 | Depths:4 | Found Ipoveo's Jewellery Boutique.
 53781 | Depths:4 | Found Kurphyusm's Book Emporium.
 53782 | Depths:4 | Found Kuefenlei's Jewellery Boutique.
 53792 | Depths:4 | Bought the amulet "Caximou" {Reflect rC+ rN++ Str+2 Dex-2
                  | SH+5} for 1253 gold pieces
 54098 | Vaults:5 | Entered Level 5 of the Vaults
 54103 | Vaults:5 | Noticed Sojobo
 54109 | Vaults:5 | Noticed an ancient lich
 54109 | Vaults:5 | Paralysed by an air elemental for 1 turns
 54137 | Vaults:5 | Killed an ancient lich
 54141 | Vaults:5 | Paralysed by an air elemental for 1 turns
 54357 | Vaults:5 | Paralysed by an air elemental for 1 turns
 54361 | Vaults:5 | Paralysed by an air elemental for 1 turns
 54366 | Vaults:5 | Paralysed by an air elemental for 1 turns
 54372 | Vaults:4 | Killed Sojobo
 54603 | Vaults:5 | Noticed Mara
 54609 | Vaults:5 | Noticed LustLizard's illusion
 54784 | Vaults:5 | Noticed LustLizard's illusion
 54787 | Vaults:5 | Killed Mara
 55072 | Vaults:5 | Noticed a dread lich
 55082 | Vaults:5 | Killed a dread lich
 55083 | Vaults:5 | Reached skill level 10 in Conjurations
 55285 | Vaults:5 | Reached skill level 25 in Unarmed Combat
 55328 | Vaults:5 | Got a silver rune of Zot
 55585 | Vaults:5 | Reached XP level 26. HP: 169/169 MP: 39/39
 55785 | Vaults:5 | Got Haibbug's Vademecum on the Gritty Mortuary
 55861 | Vaults:5 | Identified the +2 trident of Prudence {speed, SInv}
 56228 | Crypt:1  | Entered Level 1 of the Crypt
 56268 | Crypt:1  | Reached skill level 10 in Fire Magic
 56690 | Crypt:1  | Learned a level 3 spell: Swiftness
 57781 | Crypt:3  | Entered Level 3 of the Crypt
 58163 | Crypt:3  | Noticed Grunn
 58174 | Crypt:3  | Killed Grunn
 58466 | Crypt:3  | Found a staircase to the Tomb.
 58621 | Crypt:3  | Noticed an ancient lich
 58624 | Crypt:3  | Killed an ancient lich
 58634 | Crypt:3  | Found a basalt altar of Yredelemnul.
 58699 | Crypt:3  | Noticed Margery
 58705 | Crypt:3  | Killed Margery
 58765 | Crypt:3  | Got Zekilack's Incunable of Nightshade
 58786 | Crypt:3  | Identified the +0 longbow "Febum" {antimagic, rPois rF-
                  | Str+6}
 59297 | Zot:1    | Entered Level 1 of the Realm of Zot
 59424 | Zot:1    | Reached XP level 27. HP: 176/176 MP: 39/39
 60054 | Zot:1    | Noticed an orb of fire
 60057 | Zot:1    | Noticed an orb of fire
 60063 | Zot:1    | Killed an orb of fire
 60069 | Zot:1    | Killed an orb of fire
 61070 | Zot:2    | Reached skill level 15 in Conjurations
 61540 | Zot:2    | Reached skill level 15 in Fire Magic
 61834 | Zot:2    | Learned a level 4 spell: Manifold Assault
 62170 | Zot:3    | You are sucked into a shaft and drop 1 floor!
 62667 | Zot:3    | Noticed an orb of fire
 62668 | Zot:3    | Gained mutation: You are clumsy. (Dex -2) [an orb of fire]
 62670 | Zot:3    | Gained mutation: Your magical capacity is low. (-10% MP)
                  | [an orb of fire]
 62674 | Zot:3    | Killed an orb of fire
 62905 | Zot:3    | Learned a level 2 spell: Blink
 63562 | Zot:5    | Entered Level 5 of the Realm of Zot
 63857 | Zot:5    | Identified the +0 shortbow "Ykoluom" {flame, +Blink rN+
                  | Dex+3}
 63953 | Zot:5    | Noticed an orb of fire
 63958 | Zot:5    | Noticed an orb of fire
 63961 | Zot:5    | Gained mutation: You are weak. (Str -2) [an orb of fire]
 63964 | Zot:5    | Killed an orb of fire
 63968 | Zot:5    | Noticed an orb of fire
 63976 | Zot:5    | Gained mutation: You passively dampen the noise of your
                  | surroundings. [an orb of fire]
 63981 | Zot:5    | Killed from afar by an orb of fire

Illustrated notes

Levels and vault maps discovered:
D:1:      shiori_arrival_elements, layout_basic,
          shapermc_ecumenical_altar_petra, serial_curves, eino_curves_02,
          eino_curves_02, minmay_misc_feat_secret_circle,
          minmay_misc_feat_columns, hangedman_decor_opposing
D:2:      cheibrodos_old_hovel, layout_basic, serial_shops, shop, serial_forest,
          infiniplex_forest_lined_room_2, infiniplex_forest_clump_small,
          infiniplex_forest_straight_3, infiniplex_forest_lined_room_,
          infiniplex_forest_clump_tiny, minmay_circled_x
D:3:      layout_basic, gammafunk_ghost_abyssal_escape
D:4:      layout_basic
D:5:      layout_gridville
D:6:      layout_rooms, temple_pool_b, serial_shops, shop,
          cheibrodos_sewer_entry_bend
D:7:      layout_loops_corners, serial_shops, nicolae_shop_gaudy_bauble,
          minivault_27, uniq_joseph, uniq_duvessa, uniq_menkaure
D:8:      layout_basic, mainiacjoe_overflow_chevrons, david_lair_generic,
          serial_shops, kennysheep_mini_moat, shop_statue, shop
D:9:      layout_basic, tso_oasis_becter, kennysheep_cluttered_room,
          wad_mini_maze, uniq_erica
D:10:     layout_rooms, hangedman_ru_absence, minmay_misc_feat_plants,
          columned_hall_lemuel
D:11:     layout_basic, cheibriados_altar_1
D:12:     layout_stronghold, david_orc_4, gammafunk_ghost_arena, uniq_fannar
D:13:     layout_roguey, serial_shops, shop, shop, shop,
          nicolae_shop_hallway_stairs, shop
D:14:     layout_rooms, hellmonk_vaults_order_and_chaos, serial_aquarium,
          aquarium_bridge_square [aquarium_subvault_bridge,
          aquarium_subvault_balcony, aquarium_subvault_window,
          aquarium_subvault_window], aquarium_window_fake, aquarium_window_fake,
          aquarium_window_fake, aquarium_window_1, aquarium_view_2e,
          minmay_misc_feat_x, tgw_lugonu_bribe
D:15:     grunt_enter_depths_hoard, layout_loops_corners, serial_shops,
          nicolae_shop_advertising_works [nicolae_subvault_shop_adworks],
          doesnt_xom_only_xom
Temple:   hellmonk_temple_divided_pantheon
Lair:1:   layout_regular_city, serial_bayou_pond_b,
          nzn_masters_of_martial_movement
Lair:2:   layout_cave_shapes
Lair:3:   layout_gridlike, minmay_shoals_entry_hut,
          hellmonk_spider_entry_life_and_decay, special_room
          [special_room_mythical_zoo], grunt_megastairs_4, lemuel_fruit_tree,
          serial_bayou_shore_b, uniq_amaemon
Lair:4:   minmay_lair_oklob_chamber, layout_loops_ring,
          dpeg_slime_entry_enclosed, beast_lair_carwin_4, uniq_josephine
Lair:5:   hellmonk_lair_end_abyssal_woods, layout_misc_corridors,
          serial_bayou_shore_b, serial_bayou_shore_a, uniq_urug
Shoals:1: layout_shoals, nicolae_shoals_goliath_grotto
Shoals:2: layout_shoals, serial_shops, shop, nicolae_shop_tiny_real_fake_doors,
          shop, shop_statue, shop, nicolae_shoals_kraken_intersection
Shoals:3: layout_shoals, nicolae_shoals_secluded_bog, uniq_polyphemus,
          uniq_ilsuiw
Shoals:4: shoals_end_hellmonk_lost_city, uniq_donald
Spider:1: layout_spider_delve, special_room [special_room_bee],
          portal_ice_cave_entry_pillars_three, worms_lemuel
Spider:2: layout_cave_pods, einodemon_crawler_minivault, uniq_arachne
Spider:3: layout_spider_delve, nicolae_spider_nook
Spider:4: grunt_spider_rune_circles
Orc:1:    layout_caves
Orc:2:    st_orc_mages, layout_diamond_mine, ebering_ghost_disaster_area,
          serial_shops, shop
Elf:1:    minmay_elf_arrival_circle, layout_geoelf_diagonals,
          minmay_elf_annihilation
Elf:2:    nicolae_elf_blades_crystal_corner, layout_rooms, serial_shops,
          nicolae_shop_gibbet_a_chance, uniq_norris
Elf:3:    minmay_elf_hall_statues, layout_geoelf_grid
Vaults:1: ontoclasm_vaults_chip, hangedman_vaults_trim,
          nicolae_vaults_wine_cellar, hangedman_vaults_maws, st_star,
          vaults_standard_mumra_x, nicolae_vaults_trapezoid_lopsided_1,
          nicolae_vaults_more_shelving_1, ontoclasm_vaults_hangar,
          nicolae_vaults_little_squares_3, ontoclasm_vaults_bender,
          nicolae_vaults_trapezoid_lopsided_3, ontoclasm_vaults_shuriken,
          nicolae_vaults_little_squares_1, nicolae_vaults_double_plus_2,
          layout_vaults_big_room, uniq_nikola
Vaults:2: portal_desolation_entry_nicolae_slug,
          hangedman_vaults_stretched_pinwheel, vaults_room_semicircle,
          vaults_room_fours, vaults_room_door_ring, vaults_room_guarded_vault,
          nicolae_vaults_swerve, hangedman_vaults_stitches,
          nicolae_vaults_closet_pinwheel_1, hangedman_vaults_river_flow,
          v_pattern_5, nicolae_vaults_variable_pillar_hall,
          layout_vaults_maze_snakey
Vaults:3: nicolae_vaults_wrenched, nicolae_vaults_little_squares_1, v_misc_2,
          nicolae_vaults_rhombus_5, nicolae_vaults_angled_halls,
          minmay_crypt_entry_necro_gods, nicolae_vaults_asterisk,
          vaults_room_grunt_arrival_checkpoint, nicolae_vaults_yaktaur_gun_rack,
          nicolae_vaults_storage_room_statues, nicolae_vaults_rhombus_6,
          nicolae_vaults_ring_of_whatevers, layout_vaults_omnigrid,
          uniq_saint_roka, uniq_mennas, uniq_zenata
Vaults:4: nicolae_vaults_trapezoid_lopsided_3, nicolae_vaults_tetromino_Z_2,
          nicolae_vaults_layer_cake_slice, nicolae_vaults_door_testing_chamber,
          st_hourglassy, nicolae_vaults_back_hallway,
          nicolae_vaults_bisected_exclaves, hangedman_vaults_nodes,
          nicolae_vaults_mini_display_case, grunt_vaults_swirl,
          nicolae_vaults_stepped_doors, vaults_dpeg_ring,
          layout_vaults_omnicross
Vaults:5: serial_shops, uniq_mara, uniq_sojobo
Crypt:1:  layout_rooms
Crypt:2:  layout_catacombs, grunt_megastairs_1
Crypt:3:  cryptofortress_bobbens, uniq_margery, uniq_grunn
Depths:1: layout_long_grid, grunt_hell_entry_dis_mu,
          minmay_shop_enchanted_jewellery, hex_large, st_stairs_9,
          hangedman_eye_storm
Depths:2: evilmike_negative_zone, layout_long_grid,
          nicolae_kite_square_tiling_tiny, nicolae_trove_entry_crossroad,
          serial_shops, nicolae_shop_hallway_stairs,
          nicolae_shop_hallway_stairs, nicolae_stop_n_shop_1,
          nicolae_shop_rolling_square, shop, pf_hell_entry_great_geh, pan_entry,
          minmay_misc_feat_cross
Depths:3: minmay_connected_triangles_in_corner, layout_cave_shapes,
          enter_ziggurat_b, abyss_entry, grunt_metal_band,
          chequers_serial_rivers_small_a, fedhas_altar_2,
          infiniplex_staircase_diamond, grunt_megastairs_2, firewood_loft
Depths:4: evilmike_zot_entry_hall, layout_cave_pools, corexii_leaking_fountain,
          serial_shops, nicolae_shop_rolling_square, hell_entry,
          minmay_shop_grove
Zot:1:    grunt_deathspiral_small, layout_concentric_octagons, st_stairs_2,
          st_single_dragon_hoard_1, grunt_ministairs_15
Zot:2:    gammafunk_mikee_crab_dinner, layout_basic
Zot:3:    lemuel_draconian_sentries_small, layout_gridville
Zot:4:    kennysheep_six_static_rooms, layout_misc_corridors
Zot:5:    layout_misc_corridors

Skill      XL: |  1  2  3  4  5  6  7  8  9 10 11 12 13 14 15 16 17 18 19 20 21 22 23 24 25 26 27 |
---------------+----------------------------------------------------------------------------------+-----
Stealth        | 1 2 3 4 5 6 7 9 11 15 18 19 | 19.0
Fighting       | 2 3 4 5 6 8 9 10 11 12 13 14 15 16 17 18 19 | 19.5
Unarmed Combat | 4 5 6 7 9 10 11 12 14 15 17 18 19 20 21 22 23 24 25 | 25.5
Evocations     | 1 2 4 6 |  6.0
Shapeshifting  | 4 5 6 7 9 10 12 13 14 15 16 17 | 17.2
Spellcasting   | 2 3 4 6 8 11 12 | 12.8
Dodging        | 3 4 6 7 8 9 10 | 10.0
Shields        | 2 4 5 6 7 8 9 11 12 13 | 13.4
Conjurations   | 3 5 7 8 10 13 16 | 16.8
Translocations | 3 5 7 9 |  9.3
Invocations    | 7 9 |  9.0
Fire Magic     | 4 9 12 16 | 16.6

Action                     |  1- 3 |  4- 6 |  7- 9 | 10-12 | 13-15 | 16-18 | 19-21 | 22-24 | 25-27 || total
---------------------------+-------+-------+-------+-------+-------+-------+-------+-------+-------++-------
  Melee: Unarmed           |    57 |   146 |   150 |   341 |   552 |   492 |   537 |   738 |   839 ||  3852
         Constrict         |    16 |    43 |    31 |    45 |   107 |   103 |    98 |   124 |   152 ||   719
         Tentacles         |    13 |    27 |    48 |    82 |   142 |   128 |   151 |   240 |   256 ||  1087
         Punch             |     1 |     7 |     8 |    35 |    88 |    89 |    94 |   151 |   188 ||   661
  Throw: Dart              |       |       |    10 |   101 |    12 |       |       |       |       ||   123
   Cast: Iskenderun's Myst |       |       |       |       |       |     2 |       |       |     2 ||     4
         Manifold Assault  |       |       |       |       |       |       |       |       |    19 ||    19
 Invoke: Recall Ancestor   |       |       |       |     2 |    11 |       |     2 |     1 |     4 ||    20
         Ancestor Life: Ba |       |       |       |     1 |       |       |       |       |       ||     1
  Evoke: Wand              |       |       |     9 |     3 |       |     3 |     3 |       |     3 ||    21
         Condenser vane    |       |       |       |     1 |     2 |       |     1 |       |     1 ||     5
         Phantom mirror    |       |       |       |       |       |       |     1 |       |     2 ||     3
    Use: Scroll            |       |     5 |     2 |     8 |    12 |    15 |    11 |     1 |    11 ||    65
         Potion            |       |       |     1 |     4 |     5 |     8 |     7 |       |     7 ||    32
   Stab: Sleeping          |     4 |    11 |     6 |     5 |     9 |     4 |     5 |     9 |     3 ||    56
         Distracted        |       |       |     2 |     4 |    10 |     9 |    20 |    19 |    18 ||    82
         Petrified         |       |       |       |       |       |       |     5 |       |       ||     5
         Petrifying        |       |       |       |       |       |       |     2 |       |       ||     2
         Fleeing           |       |       |       |       |       |       |     1 |       |       ||     1
         Paralysed         |       |       |       |       |       |       |       |       |     2 ||     2
         Confused          |       |       |       |       |       |       |       |       |     1 ||     1
 Armour: Skin              |     4 |     3 |     4 |    29 |    37 |   308 |   293 |   301 |   415 ||  1394
  Dodge: Dodged            |    20 |    87 |    65 |   227 |   311 |   932 |   675 |   749 |   692 ||  3758
  Block: Buckler           |       |       |       |       |   140 |   355 |   152 |       |       ||   647
         Kite shield       |       |       |       |       |       |       |   328 |   741 |   936 ||  2005
         Reflection        |       |       |       |       |       |       |    48 |    50 |    26 ||   124
   Form: Statue            |       |       |       |       |     1 |       |       |       |       ||     1

Table legend: (Time is in decaauts)
 A = Elapsed time spent in this place.
 B = Non-inter-level travel time spent in this place.
 C = Inter-level travel time spent in this place.
 D = Time resting spent in this place.
 E = Time spent auto-exploring this place.
 F = Levels seen in this place.
 G = Mean time per level.
                   A        B        C        D        E       F      G
               +--------+--------+--------+--------+--------+-----+--------+
         Total |  81584 |  72264 |   9320 |   9589 |  46533 |  54 | 1510.8 |
       Dungeon |  21341 |  16907 |   4434 |   2403 |  11129 |  15 | 1422.7 |
        Temple |     26 |      7 |     19 |      0 |      0 |   1 |   26.0 |
          Lair |  10127 |   9058 |   1069 |   2506 |   4706 |   5 | 2025.4 |
        Shoals |   4895 |   4477 |    418 |    190 |   3291 |   4 | 1223.8 |
   Spider Nest |   6051 |   5751 |    300 |    481 |   3558 |   4 | 1512.8 |
  Orcish Mines |   2633 |   2068 |    565 |    242 |   1441 |   2 | 1316.5 |
   Elven Halls |   4538 |   4154 |    384 |    236 |   2749 |   3 | 1512.7 |
        Vaults |  11622 |  10323 |   1299 |    935 |   7140 |   5 | 2324.4 |
         Crypt |   4111 |   3944 |    167 |     51 |   2871 |   3 | 1370.3 |
        Depths |   6432 |   5998 |    434 |    262 |   4627 |   4 | 1608.0 |
           Zot |   6838 |   6610 |    228 |   1310 |   4018 |   5 | 1367.6 |
         Sewer |    224 |    224 |      0 |    100 |     77 |   1 |  224.0 |
      Ice Cave |   1563 |   1563 |      0 |    651 |    436 |   1 | 1563.0 |
    Desolation |   1177 |   1177 |      0 |    219 |    486 |   1 | 1177.0 |
               +--------+--------+--------+--------+--------+-----+--------+

Top non-repeatable levels by time:
Vaults:4: 3352 daAuts
  Lair:4: 2902 daAuts
Spider:3: 2611 daAuts
Vaults:1: 2430 daAuts
Vaults:3: 2412 daAuts
   Zot:1: 2374 daAuts
Depths:2: 2217 daAuts
     D:8: 2124 daAuts
   Orc:2: 2087 daAuts
  Lair:3: 2073 daAuts
  Lair:5: 2069 daAuts
     D:9: 2048 daAuts
     D:7: 1834 daAuts
 Crypt:3: 1820 daAuts
    D:12: 1786 daAuts
